 Dungeon Crawl Stone Soup version 0.20-a0-1089-g3fde505 (webtiles) character file.

50 Rrauwl the Grave Robber (level 3, -1/19 HPs)
             Began as a Deep Elf Necromancer on May 4, 2017.
             Slain by a gnoll
             ... wielding a cursed +0 spear
              (4 damage)
             ... on level 2 of the Dungeon.
             The game lasted 00:03:04 (1107 turns).

Rrauwl the Grave Robber (Deep Elf Necromancer)      Turns: 1107, Time: 00:03:04

Health: -1/19      AC:  2    Str:  6    XL:     3   Next: 55%
Magic:  8/10       EV: 13    Int: 19    God:
Gold:   87         SH:  0    Dex: 15    Spells: 9/10 levels left

rFire    . . .     SeeInvis .   e - +2 hunting sling (freeze)
rCold    . . .     Gourm    .   (no shield)
rNeg     . . .     Faith    .   a - +0 robe
rPois    .         Spirit   .   (no helmet)
rElec    .         Reflect  .   (no cloak)
rCorr    +         Harm     .   (no gloves)
MR       .....                  (no boots)
Stlth    ++........             (no amulet)
Regen    0.1/turn               f - ring of resist corrosion
MPRegen  0.2/turn               (no ring)

@: no status effects
A: no striking features
a: no special abilities


You were on level 2 of the Dungeon.
You were not hungry.

You visited 1 branch of the dungeon, and saw 2 of its levels.

You collected 87 gold pieces.

Inventory:

Hand Weapons
 e - a +2 hunting sling of freezing (weapon)
Armour
 a - a +0 robe (worn)
Jewellery
 f - a ring of resist corrosion (left hand)
Scrolls
 h - a scroll of blinking {unknown}
Potions
 d - 3 potions of heal wounds {unknown}
Books
 b - a book of Necromancy

   Spells                             Type                      Level
   a - Pain                           Necromancy                   1
   b - Animate Skeleton               Necromancy                   1
   c - Vampiric Draining              Necromancy                   3
   d - Regeneration                   Charms/Necromancy            3
   e - Animate Dead                   Necromancy                   4
   f - Control Undead                 Necromancy                   4
Comestibles
 c - 2 bread rations
 i - 9 chunks of flesh


   Skills:
 - Level 2.4 Dodging
 - Level 2.4 Stealth
 - Level 4.1 Spellcasting
 + Level 5.8 Necromancy


You had 9 spell levels left.
You knew the following spells:

 Your Spells              Type           Power        Failure   Level  Hunger
a - Pain                  Necr           ####         1%          1    None


Dungeon Overview and Level Annotations

Branches:
Dungeon (2/15)

Altars:

Annotations:
D:1 1 runed door


Message History

Aiming: Pain
Press: ? - help, Shift-Dir - straight line, f/p - jackal
Aim: a jackal (almost dead, chance to defeat MR: 93%)
The jackal writhes in agony!
You kill the jackal!
Casting: Pain
Confirm with . or Enter, or press ? or * to list all spells.
Aiming: Pain
Press: ? - help, Shift-Dir - straight line, f - gnoll
Aim: a gnoll, wielding a spear (chance to defeat MR: 89%)
The gnoll writhes in agony!
The gnoll closely misses you. The gnoll closely misses you.
Casting: Pain
Confirm with . or Enter, or press ? or * to list all spells.
Aiming: Pain
Press: ? - help, Shift-Dir - straight line, f/p - gnoll
Aim: a gnoll, wielding a spear (heavily wounded, chance to defeat MR: 89%)
The gnoll writhes in agony!
The gnoll hits you from afar with a spear.
You die...

..# #........# . #######.#
#........ .
........######.......######(
........)....#........(..(.(
.......#.###.####....#######
####.###.....# #....#### ..
# #.....# ##....)..##.#
#.....# #......#....#
#####...@.###....#.#####.
#.......#.g...####... #####
#.############# ##### #...#
#.# ##.#'###.####
##...........#
.+...........#
.#...........####
.##.######......#


You could see a gnoll.

Vanquished Creatures
  An adder (D:2)
  2 dart slugs
  A leopard gecko (D:1)
  2 bats (D:1)
  7 goblins
  6 hobgoblins
  3 jackals (D:2)
  A frilled lizard (D:2)
  6 kobolds
  3 rats
32 creatures vanquished.

Notes
Turn   | Place    | Note
-------+----------+-------------------------------------------
     0 | D:1      | Rrauwl the Deep Elf Necromancer began the quest for the Orb.
     0 | D:1      | Reached XP level 1. HP: 10/10 MP: 6/6
     1 | D:1      | Found a runed door.
   111 | D:1      | Reached skill level 5 in Necromancy
   294 | D:1      | Reached XP level 2. HP: 15/15 MP: 8/8
   924 | D:2      | Reached XP level 3. HP: 19/19 MP: 8/10
  1107 | D:2      | Slain by a gnoll

Vault maps used:
D:1:      dpeg_arrival_caged_fury, st_stairs_12
D:2:      lemuel_another_geyser

Skill      XL: |  1  2 |
---------------+-------+-----
Necromancy     | 5 |  5.8
Spellcasting   | 4 |  4.1
Dodging        | |  2.4
Stealth        | |  2.4

Action                   || total
-------------------------++-------
 Fire: Hunting sling     ||    75
 Cast: Pain              ||     9
Armor: Robe              ||     5
Dodge: Dodged            ||    22
